 Dungeon Crawl Stone Soup version 0.19-a0-829-g23a5e41 (webtiles) character file.

1747 Ordine the Insei (level 9, 6/59 HPs)
             Began as an Octopode Monk on June 30, 2016.
             Was a Believer of Cheibriados.
             Quit the game on level 6 of the Dungeon.
             The game lasted 00:16:35 (6051 turns).

Ordine the Insei (Octopode Monk)                    Turns: 6051, Time: 00:16:36

Health: 6/59       AC:  1    Str: 17    XL:     9   Next: 6%
Magic:  5/9        EV: 16    Int: 21    God:    Cheibriados [**....]
Gold:   237        SH:  7    Dex: 24    Spells: 0 memorised, 8 levels left

rFire  + . .     SeeInvis +       - Unarmed
rCold  + . .     Gourm    .     r - +0 buckler
rNeg   . . .     Faith    .     (helmet restricted)
rPois  .         Spirit   .     (no amulet)
rElec  .         Dismiss  .     i - ring of protection from magic
rCorr  .         Reflect  .     q - ring of Monotheism {rF+ Dex+4 SInv}
SustAt .         Harm     .     (no ring)
MR     +....                    (no ring)
Stlth  ++++++....               (no ring)
                                (no ring)
                                (no ring)
                                (no ring)

@: lethally poisoned (6 -> -4), very slow, somewhat resistant to hostile
enchantments, very stealthy
A: almost no armour, amphibious, 8 rings, constrict 8, fangs 1, camouflage 1,
blink, cold resistance 1, gelatinous body 1
a: Blink, Bend Time, Renounce Religion


You were on level 6 of the Dungeon.
You worshipped Cheibriados.
Cheibriados was pleased with you.
You were not hungry.

You visited 2 branches of the dungeon, and saw 7 of its levels.

You collected 237 gold pieces.

Inventory:

Missiles
 c - 35 stones (quivered)
Armour
 r - a +0 buckler (worn)
Jewellery
 e - an uncursed ring of see invisible {unknown}
 i - a ring of protection from magic (left tentacle)
 m - an uncursed ring of fire {unknown}
 q - the ring of Monotheism (right tentacle) {rF+ Dex+4 SInv}
   (You found it on level 4 of the Dungeon)

   [ring of see invisible]

   It affects your dexterity (+4).
   It protects you from fire.
   It lets you see invisible.
Wands
 s - a wand of flame (25/48)
Scrolls
 g - a scroll of enchant weapon
 o - a scroll of amnesia
Potions
 f - a potion of brilliance
Books
 k - a book of Beasts

   Spells                             Type                      Level
   a - Summon Butterflies             Summoning                    1
   b - Call Canine Familiar           Summoning                    3
   c - Summon Ice Beast               Ice/Summoning                4
   d - Summon Mana Viper              Hexes/Summoning              5
   e - Summon Hydra                   Summoning                    7
 l - a book of Cantrips

   Spells                             Type                      Level
   a - Confusing Touch                Hexes                        1
   b - Animate Skeleton               Necromancy                   1
   c - Summon Small Mammal            Summoning                    1
   d - Apportation                    Translocation                1
Comestibles
 a - 3 bread rations
 b - 7 chunks of flesh
 d - a beef jerky
 h - 3 fruits
 j - 2 meat rations
 n - a royal jelly
 p - a slice of pizza


   Skills:
 + Level 4.4 Fighting
 + Level 4.4 Dodging
 + Level 7.2 Stealth
 - Level 5.4 Shields
 * Level 7.7 Unarmed Combat


You had 8 spell levels left.
You didn't know any spells.

Dungeon Overview and Level Annotations

Branches:
Dungeon (6/15)             Temple (1/1) D:4

Altars:
Ashenzari
Cheibriados
Dithmenos
Elyvilon
Fedhas
Gozag
Hepliaklqana
Kikubaaqudgha
Makhleb
Nemelex Xobeh
Pakellas
Qazlal
Ru
Sif Muna
Trog
Uskayaw
Vehumet
Xom
Yredelemnul
Zin
The Shining One
Jiyva

Shops:
D:4 %

Annotations:
D:6 Eustachio


Innate Abilities, Weirdness & Mutations

You cannot wear most types of armour.
You are amphibious.
You can wear up to eight rings at the same time.
You can use your tentacles to constrict eight enemies at once.
Your skin changes colour to match your surroundings (Stealth+).
Your rubbery body absorbs attacks. (AC +1)
You have very sharp teeth.
You can translocate small distances at will.
Your flesh is cold resistant. (rC+)


Message History

The adder is almost dead.
You constrict the adder.
You kill the adder!
Cheibriados appreciates the change of pace.
You feel sick.
The hound skeleton moves out of view.
You closely miss Eustachio. Your grab misses Eustachio.
Your tentacle-slap misses Eustachio.
Your bite misses Eustachio.
You feel sick. Eustachio hits you with a rapier!
* * * LOW HITPOINT WARNING * * *
Okay, then.
You warp the flow of time around you!
You feel somewhat more hungry.
You can no longer warp the flow of time around you.
You blink.
You feel slightly more hungry.
You feel sick. The iron imp hits you.
* * * LOW HITPOINT WARNING * * *
Some of the chunks of flesh in your inventory have rotted away.
Found a stone staircase leading up.
Okay, then.
Quiver which item? (- for none, * to show all) (? for menu, Esc to quit)
Okay, then.
Are you sure you want to abandon this character and quit the game? (Confirm with "yes".)

........# #.# #@#
##.......# #.#.#.# ## +#
#.#.#5# . .. .# #.#.#ยง#
.. #.##.# #.#<#)# ...
#..<.# ####.#.#.#....
.....o.o................S.
#####..####.##...5.(.##+##
.o.. .......@....# #.#o.
##.##.......# #.#.o.
............. #.##.#
#.##5##..###.# #. S... ..
...# .# # ... .## .## .#
#. ..


You could see an iron imp and an ufetubus (wandering).

Vanquished Creatures
  The ghost of Ordine the Sneak, a novice OpMo (D:6)
  4 ogres (D:5)
  2 sky beasts (D:5)
  A phantom (D:6)
  A centaur (D:5)
  A scorpion (D:5)
  A howler monkey (D:5)
  2 crimson imps (D:5)
  A giant frog zombie (D:5)
  3 hounds (D:5)
  A centaur skeleton (D:5)
  An iguana (D:4)
  5 worker ants
  A hound skeleton (D:5)
  4 gnolls (D:6)
  7 adders
  A river rat (D:3)
  3 oozes
  3 worms
  2 dart slugs
  3 giant geckos
  9 orcs
  6 giant cockroaches
  5 goblins
  4 hobgoblins
  14 jackals
  3 quokkas
  2 ball pythons (D:3)
  5 bats
  2 giant gecko skeletons (D:4)
  5 giant newts
  4 kobolds
  4 rats
111 creatures vanquished.

Vanquished Creatures (others)
  4 orcs (D:5)
4 creatures vanquished.

Grand Total: 115 creatures vanquished

Notes
Turn   | Place    | Note
--------------------------------------------------------------
     0 | D:1      | Ordine the Octopode Monk began the quest for the Orb.
     0 | D:1      | Reached XP level 1. HP: 16/16 MP: 1/1
   326 | D:1      | Reached XP level 2. HP: 20/21 MP: 2/2
   636 | D:2      | Found a hide-covered altar of Uskayaw.
   641 | D:2      | Reached XP level 3. HP: 25/26 MP: 3/3
  1143 | D:2      | Found an ancient bone altar of Kikubaaqudgha.
  1642 | D:3      | Reached XP level 4. HP: 21/31 MP: 4/4
  2315 | D:3      | Found a glowing drain.
  2616 | D:3      | Found a bloodstained altar of Trog.
  2707 | D:3      | Reached XP level 5. HP: 31/36 MP: 5/5
  3053 | D:4      | Found a staircase to the Ecumenical Temple.
  3060 | Temple   | Entered the Ecumenical Temple
  3262 | D:4      | Found a sparkling altar of Nemelex Xobeh.
  3344 | D:4      | Got a heavily runed amber ring
  3396 | D:4      | Found a shattered altar of Ashenzari.
  3398 | D:4      | Found a stormy altar of Qazlal.
  3399 | D:4      | Found a shadowy altar of Dithmenos.
  3420 | D:4      | Found a radiant altar of Vehumet.
  3748 | D:4      | Found Tarisur's Food Shoppe.
  3806 | D:4      | Found a radiant altar of Vehumet.
  3975 | D:5      | Entered Level 5 of the Dungeon
  3975 | D:5      | Found a white marble altar of Elyvilon.
  3985 | D:5      | Reached XP level 6. HP: 41/43 MP: 6/6
  4023 | D:5      | Reached skill level 1 in Shields
  4023 | D:5      | Reached skill level 5 in Unarmed Combat
  4152 | D:5      | Reached skill level 5 in Stealth
  4152 | D:5      | Reached XP level 7. HP: 32/48 MP: 7/7
  4307 | D:5      | Found a snail-covered altar of Cheibriados.
  4319 | D:5      | Became a worshipper of Cheibriados the Contemplative
  4319 | D:5      | Reached * piety under Cheibriados
  4319 | D:5      | Reached ** piety under Cheibriados
  4590 | D:5      | Gained mutation: Your flesh is cold resistant. (rC+) [potion of mutation]
  4590 | D:5      | Gained mutation: You occasionally shout uncontrollably at your foes. [potion of mutation]
  4590 | D:5      | Gained mutation: You can translocate small distances at will. [potion of mutation]
  4752 | D:5      | Lost mutation: You occasionally shout uncontrollably at your foes. [potion of mutation]
  4752 | D:5      | Gained mutation: You have very sharp teeth. [potion of mutation]
  4867 | D:5      | Identified the ring of Monotheism {rF+ Dex+4 SInv} (You found it on level 4 of the Dungeon)
  5114 | D:5      | Reached XP level 8. HP: 44/54 MP: 8/8
  5585 | D:5      | Found a stormy altar of Qazlal.
  5832 | D:6      | Noticed Ordine's ghost (novice OpMo)
  5849 | D:6      | Killed Ordine's ghost
  5849 | D:6      | Reached skill level 5 in Shields
  5849 | D:6      | Reached XP level 9. HP: 10/59 MP: 9/9
  5892 | D:6      | Noticed Eustachio
  6046 | D:6      | Reached *** piety under Cheibriados
  6051 | D:6      | Quit the game

Vault maps used:
D:1:      dpeg_chamrin_arrival_tetris
D:2:      eat_drink_and_be_merry_uskayaw, nicolae_overflow_crystal_walls,
          first_bread, nicolae_underground_beach
D:3:      lightli_temple_of_fire, portal_sewer_entry_b
D:4:      nicolae_overflow_hidden_temple, kennysheep_little_box,
          grunt_temple_overflow_open, serial_shops, nicolae_shop_crystal,
          st_stairs_12, vehumet_altar_wand_db
D:5:      minmay_opposing_rooms, lemuel_crystal_altar, cheibriados_altar_1,
          nicolae_qazlal_eye_of_the_storm
D:6:      lemuel_insect_pit, uniq_eustachio
Temple:   pf_slime_end_temple

Skill      XL: |  1  2  3  4  5  6  7  8 |
---------------+-------------------------+-----
Stealth        | 3 4 5 6 7 |  7.2
Unarmed Combat | 4 5 6 7 |  7.7
Fighting       | 4 |  4.4
Dodging        | 4 |  4.4
Shields        | 2 3 5 |  5.4

Action                   |  1- 3 |  4- 6 |  7- 9 || total
-------------------------+-------+-------+-------++-------
Melee: Unarmed           |    84 |   111 |   113 ||   308
       Constrict         |    26 |    25 |    20 ||    71
       Tentacles         |    16 |    20 |    36 ||    72
       Punch             |     4 |     4 |     6 ||    14
       Bite              |       |       |    19 ||    19
Throw: Stone             |       |     1 |     7 ||     8
Invok: Temporal Distorti |       |       |     1 ||     1
 Abil: Blink             |       |       |     1 ||     1
  Use: Scroll            |     3 |     3 |     5 ||    11
       Potion            |       |     1 |     8 ||     9
 Stab: Distracted        |     1 |       |     1 ||     2
       Sleeping          |     8 |    11 |     6 ||    25
  Eat: Chunk             |     2 |     8 |     4 ||    14
Armor: Skin              |     6 |     5 |     3 ||    14
Dodge: Dodged            |    70 |    62 |    73 ||   205
Block: Buckler           |       |       |    18 ||    18
